 Dungeon Crawl Stone Soup version 0.13.0-18-g7b03ea5 (webtiles) character file.

123 Charos the Ducker (level 3, 0/26 HPs)
             Began as a Minotaur Ice Elementalist on Oct 23, 2013.
             Succumbed to an adder's poison
             ... on Level 2 of the Dungeon.
             The game lasted 00:06:14 (1734 turns).

Charos the Ducker (Minotaur Ice Elementalist)       Turns: 1734, Time: 00:06:14

HP   0/26        AC 10     Str 10 (13) XL: 3   Next: 53%
MP   4/4         EV  1     Int 12      God:
Gold 74          SH 13     Dex 10      Spells:  1 memorised,  3 levels left

Res.Fire  : . . .   See Invis. : .   a - +0,+1 short sword (flame)
Res.Cold  : . . .   Warding    : .   g - +2 chain mail
Life Prot.: . . .   Conserve   : .   n - +0 shield
Res.Poison: .       Res.Corr.  : .   (helmet restricted)
Res.Elec. : .       Clarity    : .   (no cloak)
Sust.Abil.: . .     Spirit.Shd : .   (no gloves)
Res.Mut.  : +       Stasis     : .   (no boots)
Res.Rott. : .       Flight     : .   t - amulet of resist mutation {unknown}
Saprovore : . . .                    (no ring)
                                     s - ring of protection from magic {unknown}

@: mildly poisoned, somewhat resistant to hostile enchantments, extremely
unstealthy
A: retaliatory headbutt, horns 2
a: no special abilities


You were on level 2 of the Dungeon.
You were not hungry.

You visited 1 branch of the dungeon, and saw 2 of its levels.

You collected 54 gold pieces.

Inventory:

Hand weapons
 a - a +0,+1 short sword of flaming (weapon)
 j - a +0,+0 club
 l - a +1,+4 dwarven short sword
 r - a +0,+0 whip
Missiles
 h - 16 darts of frost (quivered)
Armour
 g - a +2 chain mail (worn)
 n - a +0 shield (worn)
Comestibles
 c - 3 bread rations
 m - a meat ration
Scrolls
 d - 2 scrolls of amnesia {unknown}
 e - 5 scrolls of identify {unknown}
 f - a scroll of random uselessness {unknown}
 i - 3 scrolls of remove curse {unknown}
 k - a scroll of fog {unknown}
 o - a scroll of magic mapping {unknown}
 p - a scroll of curse armour {unknown}
 q - a scroll of enchant armour {unknown}
 u - a scroll of teleportation {unknown}
 v - a scroll of enchant weapon II {unknown}
 x - a scroll of recharging {unknown}
Jewellery
 s - a ring of protection from magic (left hand) {unknown}
 t - an amulet of resist mutation (around neck) {unknown}
Books
 b - a book of Frost

   Spells                             Type                      Level
   *Freeze                            Ice                          1
   Throw Frost                        Conjuration/Ice              2
   Ozocubu's Armour                   Charms/Ice                   3
   Throw Icicle                       Conjuration/Ice              4
   Summon Ice Beast                   Ice/Summoning                4
   Condensation Shield                Ice                          4


   Skills:
 + Level 1.9 Fighting
 * Level 1.0 Short Blades
 + Level 2.3 Armour
 - Level 2.5 Dodging
 - Level 1.5 Stealth
 + Level 0.5 Shields
 - Level 1.0 Spellcasting
   Level 0.6 Conjurations
 - Level 2.1 Ice Magic


You had 3 spell levels left.
You knew the following spells:

 Your Spells              Type           Power        Failure   Level  Hunger
a - Freeze                Ice            #...         100%        1    ##.....


Dungeon Overview and Level Annotations

Branches:
Dungeon (2/27)

Altars:


Innate Abilities, Weirdness & Mutations

You reflexively headbutt those who attack you in melee.
You have a pair of horns on your head.


Message History

You start resting.
* * * LOW HITPOINT WARNING * * *
You feel sick.
You start resting.
* * * LOW HITPOINT WARNING * * *
You feel sick.
You start resting.
* * * LOW HITPOINT WARNING * * *
You feel sick.
You start resting.
* * * LOW HITPOINT WARNING * * *
You feel sick.
You start resting.
* * * LOW HITPOINT WARNING * * *
You feel sick.
You start resting.
* * * LOW HITPOINT WARNING * * *
You feel sick.
You start resting.
You die...

...# .........# #.#...#...). ...#
..........# #.##..#..### ...#
..........# #.#......# ...#
..........###.#...##.# ...#
...................##.# ...#
...................##.### ...#
...................##.##. ...#
...................##.##. #.####
..^.....@..###.#...##.##.
#....###...........###.#...##.##.
.................................
#....###...........###.#...##....
#.######...........# #.#...#####.
.................... . ###.# #.
#.####### ########## #.# #. #.#
... #. #.# ... #.


There were no monsters in sight!

Vanquished Creatures
  2 adders (D:2)
  2 ball pythons (D:1)
  3 bats (D:1)
  4 giant cockroaches (D:1)
  5 hobgoblins
  3 giant newts (D:1)
  3 goblins
  5 kobolds
  5 rats
32 creatures vanquished.

Notes
Turn   | Place    | Note
--------------------------------------------------------------
     0 | D:1      | Charos, the Minotaur Ice Elementalist, began the quest for the Orb.
     0 | D:1      | Reached XP level 1. HP: 14/14 MP: 3/3
   141 | D:1      | Reached skill level 1 in Armour
   177 | D:1      | Reached skill level 1 in Fighting
   180 | D:1      | Reached XP level 2. HP: 14/20 MP: 0/3
  1393 | D:2      | Reached XP level 3. HP: 24/26 MP: 4/4
  1612 | D:2      | Reached skill level 1 in Short Blades
  1727 | D:2      | HP: 1/26 [poisoned by an adder]
  1734 | D:2      | Succumbed to an adder's poison

Action                   || total
-------------------------++-------
Melee: Unarmed           ||    83
       Short sword       ||    31
 Cast: Freeze            ||     5
  Use: Potion            ||     4
